 Dungeon Crawl Stone Soup version 0.28.0-53-g5a82cb258f (webtiles) character file.

Game seed: 15592479277652156184

42521 quixfox the Severer (level 14, 0/135 HPs)
             Began as a Hill Orc Fighter on July 15, 2022.
             Was a Priest of the Shining One.
             Killed from afar by a rime drake (13 damage)
             ... with a flash freeze
             ... on level 4 of the Lair of Beasts.
             The game lasted 00:38:03 (16338 turns).

quixfox the Severer (Hill Orc Fighter)             Turns: 16338, Time: 00:38:04

Health: 0/135      AC: 29    Str: 33    XL:     14   Next: 20%
Magic:  2/19       EV:  9    Int:  8    God:    the Shining One [***...]
Gold:   943        SH: 11    Dex: 10    Spells: 13/13 levels left

rFire   + . .      SeeInvis .   b - +10 whip "Dunloc Runk" {vorpal, Will+}
rCold   . . .      Faith    .   c - +1 buckler
rNeg    + . .      Spirit   .   v - +0 plate armour
rPois   .          Reflect  +   s - +1 helmet
rElec   +          Harm     .   t - +1 cloak
rCorr   .          Rampage  .   A - +1 pair of gloves {infuse}
Will    ++...                   M - +0 pair of boots
Stlth   ..........              z - amulet "Egatoix" {Reflect rElec Str+9 SH+5}
HPRegen 0.32/turn               B - ring "Sadgh" {AC+4 Stlth+}
MPRegen 0.16/turn               D - ring of protection from fire

@: glowing, studying Crossbows
A: no striking features
a: Renounce Religion, Divine Shield, Cleansing Flame


You were on level 4 of the Lair of Beasts.
You worshipped the Shining One.
The Shining One was most pleased with you.
You visited 3 branches of the dungeon, and saw 18 of its levels.
You also visited: Sewer and Ossuary.

You collected 943 gold pieces.

Inventory:

Hand Weapons
 a - the +6 war axe of the Crawling Thing {vorpal, rF++ rC+++ Dex-4}
   (You found it on level 1 of the Lair of Beasts)

   It inflicts extra damage upon your enemies.
   Dex:       It affects your dexterity (-4).
   rF:        It greatly protects you from fire.
   rC:        It renders you almost immune to cold.
 b - the +10 whip "Dunloc Runk" (weapon) {vorpal, Will+}
   (You found it on level 9 of the Dungeon)

   It inflicts extra damage upon your enemies.
   Will:      It increases your willpower.
Missiles
 k - 2 throwing nets
 y - 3 boomerangs (quivered)
Armour
 c - a +1 buckler (worn)
 s - a +1 helmet (worn)
 t - a +1 cloak (worn)
 v - a +0 plate armour (worn)
 A - a +1 pair of gloves of infusion (worn)
 M - a +0 pair of boots (worn)
Jewellery
 l - an amulet of regeneration
 n - a +6 ring of intelligence
 q - a ring of protection from cold
 z - the amulet "Egatoix" (around neck) {Reflect rElec Str+9 SH+5}
   (You found it on level 9 of the Dungeon)

   [amulet of reflection]

   It reflects blocked missile attacks.
   Str:       It affects your strength (+9).
   rElec:     It insulates you from electricity.
   SH:        It affects your SH (+5).
 B - the ring "Sadgh" (left hand) {AC+4 Stlth+}
   (You took it off a tengu conjurer on level 9 of the Dungeon)

   [ring of protection]

   AC:        It affects your AC (+4).
   Stlth:     It makes you more stealthy.
 D - a ring of protection from fire (right hand)
 E - a ring of see invisible
 L - an amulet of faith
 O - an amulet of guardian spirit
 S - a ring of resist corrosion
Wands
 u - a wand of flame (48)
 w - a wand of paralysis (6)
 H - a wand of mindburst (22)
 J - a wand of acid (8)
 N - a wand of polymorph (3)
 P - a wand of iceblast (8)
 Q - a wand of digging (5)
Scrolls
 e - 12 scrolls of teleportation
 f - 2 scrolls of enchant weapon
 x - a scroll of fear
 F - a scroll of fog
 G - 2 scrolls of magic mapping
Potions
 d - 6 potions of might
 g - 6 potions of flight
 h - 9 potions of heal wounds
 i - a potion of magic
 j - 4 potions of haste
 m - 5 potions of brilliance
 o - 3 potions of mutation
 p - 8 potions of curing
 r - 3 potions of lignification
 C - a potion of cancellation
 I - a potion of berserk rage
 K - a potion of attraction
 R - 2 potions of ambrosia {unknown}


   Skills:
 + Level 15.3 Fighting
 - Level 16.9 Axes
 + Level 14.1 Armour
 + Level 4.3 Dodging
 - Level 8.5 Shields
 - Level 7.9 Invocations


You had 13 spell levels left.
You didn't know any spells.
Your spell library contained the following spells:

 Spells                   Type           Power      Damage    Failure   Level
 Magic Dart               Conj           0%         1d3       95%         1
 Shock                    Conj/Air       0%         1d3       95%         1
 Slow                     Hex            0%         N/A       95%         1
 Searing Ray              Conj           0%         2d4       99%         2
 Static Discharge         Conj/Air       0%         N/A       99%         2
 Confusing Touch          Hex            0%         N/A       100%        3
 Ignite Poison            Fire/Tmut/Pois 0%         N/A       100%        3
 Inner Flame              Hex/Fire       0%         N/A       100%        3
 Mephitic Cloud           Conj/Pois/Air  0%         N/A       100%        3
 Stone Arrow              Conj/Erth      0%         3d7       100%        3
 Swiftness                Air            0%         N/A       100%        3
 Tukima's Dance           Hex            0%         N/A       100%        3
 Vampiric Draining        Necr           0%         2d6       100%        3
 Airstrike                Air            0%         N/A       100%        4
 Anguish                  Hex/Necr       0%         N/A       100%        4
 Animate Armour           Summ/Erth      0%         N/A       100%        4
 Cause Fear               Hex            0%         N/A       100%        4
 Fulminant Prism          Conj/Hex       0%         3d6       100%        4
 Passage of Golubria      Tloc           0%         N/A       100%        4
 Freezing Cloud           Conj/Ice/Air   0%         6-21      100%        5
 Lightning Bolt           Conj/Air       0%         1d11      100%        5
 Yara's Violent Unravell  Hex/Tmut       0%         3d3       100%        5
 Enfeeble                 Hex            0%         N/A       100%        7
 Discord                  Hex            0%         N/A       100%        8
 Lehudib's Crystal Spear  Conj/Erth      0%         10d2      100%        8
 Maxwell's Capacitive Co  Air            0%         ∞         100%        8


Dungeon Overview and Level Annotations

Branches:
Dungeon (13/15)            Temple (1/1) D:5            Lair (4/6) D:8
    Orc (0/2) D:9           Sewer (visited)         Ossuary (visited)
  Swamp: Lair:2-4    Shoals: Lair:2-4     Snake: Lair:2-4    Spider: Lair:2-4
 Vaults: D:13-14

Altars:
Ashenzari
Cheibriados
Dithmenos
Elyvilon
Fedhas
Gozag
Hepliaklqana
Kikubaaqudgha
Nemelex Xobeh
Okawaru
Qazlal
Sif Muna
Trog
Uskayaw
Vehumet
Wu Jian
Xom
Yredelemnul
Zin
The Shining One

Shops:
D:4 :   D:11 :   D:13 ?(=?

Portals:
Trove: D:13 (give 12 potions of heal wounds)

Annotations:
Lair:1 2 runed translucent doors, Myda's ghost, journeyman DgGl
Lair:3 1 runed translucent door, Deesahac's ghost, journeyman BaFi


Message History

You hit the yak but do no damage.
The yak is almost dead.
The yak gores you but does no damage. The boulder beetle hits you!!
The boulder beetle stops rolling and uncurls.
You hear a bellow!
You whack the yak!
You kill the yak!
You block the yak's attack. You block the boulder beetle's attack.
You barely miss the rime drake. You block the rime drake's attack.
A four-headed hydra comes into view.
The four-headed hydra roars!
You whack the rime drake!
The rime drake is moderately wounded.
The yak gores you but does no damage.
The boulder beetle bites you but does no damage.
The rime drake closely misses you.
You completely miss the rime drake.
The rime drake is moderately wounded.
A yak comes into view.
The yak gores you but does no damage. The boulder beetle barely misses you.
The boulder beetle leaps!
You block the rime drake's attack.
Okay, then.
You completely miss the rime drake.
The rime drake is moderately wounded.
The rime drake barely misses you.
You hit the rime drake.
The rime drake is heavily wounded.
The rime drake breathes ice at you. The flash freeze misses you.
The boulder beetle curls into a ball and begins rolling!
The boulder beetle hits you!!
The boulder beetle stops rolling and uncurls.
The boulder beetle curls into a ball and begins rolling!
The boulder beetle hits you!!!
* * * LOW HITPOINT WARNING * * *
The boulder beetle stops rolling and uncurls.
The boulder beetle curls into a ball and begins rolling!
The rime drake breathes ice at you. The flash freeze hits you!
You die...

#................................
......................^..........
.................................
.................................
.................................
..........Y......................
.........k.......................
...........Y.....................
............°DB.@.>..........
.............○..........
#.####.P##..P######..### ##
######### ###


You could see a boulder beetle (rolling), a four-headed hydra, 2 yaks and a rime
drake (catching breath).

Vanquished Creatures
  Gastronok (Lair:2)
  Harold (Lair:1)
  5 hydras
  A boulder beetle (D:13)
  Erica (Lair:2)
  3 centaur warriors
  2 two-headed ogres
  A skeletal warrior (D:9)
  4 lindwurms (Lair:3)
  A cyclops (D:13)
  A salamander (shapeshifter) (D:9)
  An ugly thing (D:12)
  3 manticores
  3 black mambas
  9 cane toads
  A gargoyle (D:12)
  A rime drake (Lair:3)
  An unseen horror (D:8)
  A freezing wraith (D:8)
  A kobold demonologist (D:10)
  3 komodo dragons
  A tengu conjurer (D:9)
  2 polar bears
  3 trolls
  A meliai (shapeshifter) (D:13)
  11 blink frogs
  5 slime creatures (D:12)
  3 shadows
  4 wyverns
  2 wraiths
  34 yaks
  Grum (D:11)
  2 basilisks
  4 vampire mosquitoes
  4 steam dragons
  3 acid dragons
  12 water moccasins
  Duvessa (D:5)
  2 sky beasts
  5 orc warriors
  Pargi (Sewer)
  An ice beast (D:6)
  An ogre (D:5)
  3 black bears
  6 centaurs
  A necrophage (D:6)
  2 wolves (D:11)
  A kobold brigand (D:11)
  5 elf zombies (Ossuary)
  10 bullfrogs
  A scorpion (D:7)
  A wyvern skeleton (D:6)
  A wyvern zombie (D:6)
  Dowan (D:5)
  7 killer bees
  3 wights (D:9)
  6 howler monkeys
  2 bullfrog zombies
  2 centaur zombies
  2 hounds
  5 orc priests
  4 jellies
  2 gnoll shamans
  6 human zombies (Ossuary)
  3 iguanas
  10 orc wizards
  2 killer bee zombies
  A hound skeleton (D:4)
  4 mummies
  A howler monkey zombie (D:5)
  9 gnolls
  A river rat (D:6)
  9 adders
  A shadow imp (D:6)
  3 ufetubi
  An adder skeleton (D:4)
  A worm (D:6)
  3 dart slugs
  34 orcs
  2 bats (D:3)
  3 endoplasms
  4 giant cockroaches
  4 hobgoblins
  11 jackals
  6 quokkas
  6 ball pythons
  9 frilled lizards
  7 goblins
  9 kobolds
  6 rats
369 creatures vanquished.

Vanquished Creatures (others)
  5 fungi
  8 plants
13 creatures vanquished.

Grand Total: 382 creatures vanquished

Notes
Turn   | Place    | Note
-------+----------+-------------------------------------------
     0 | D:1      | quixfox the Hill Orc Fighter began the quest for the Orb.
     0 | D:1      | Reached XP level 1. HP: 19/19 MP: 1/1
   100 | D:1      | Found a faded altar of an unknown god.
   112 | D:1      | Reached skill level 3 in Axes
   463 | D:1      | Reached XP level 2. HP: 27/27 MP: 2/2
  1110 | D:1      | Reached XP level 3. HP: 33/33 MP: 3/3
  1249 | D:2      | Found a hazy altar of Hepliaklqana.
  1262 | D:2      | Reached skill level 4 in Axes
  1336 | D:2      | Reached XP level 4. HP: 34/41 MP: 4/4
  1470 | D:3      | Identified the +1 robe of Bitterness {rF+ Str+4}
  1543 | D:3      | Reached skill level 5 in Axes
  1543 | D:3      | Reached XP level 5. HP: 44/47 MP: 5/5
  2135 | D:4      | Found a sand-covered staircase.
  2143 | Ossuary  | Entered an ossuary
  2195 | Ossuary  | Reached skill level 5 in Fighting
  2195 | Ossuary  | Reached XP level 6. HP: 50/56 MP: 6/6
  2200 | Ossuary  | Reached skill level 6 in Axes
  2274 | Ossuary  | Reached skill level 5 in Armour
  2292 | Ossuary  | Reached skill level 7 in Axes
  2292 | Ossuary  | Reached XP level 7. HP: 53/61 MP: 7/7
  2367 | Ossuary  | Reached skill level 8 in Axes
  2443 | D:4      | Reached XP level 8. HP: 64/71 MP: 8/8
  2521 | D:4      | Found Wirreham's Book Shop.
  2624 | D:4      | Reached skill level 9 in Axes
  3167 | D:5      | Entered Level 5 of the Dungeon
  3374 | D:5      | Found a staircase to the Ecumenical Temple.
  3389 | D:5      | Reached skill level 10 in Axes
  3392 | Temple   | Entered the Ecumenical Temple
  3454 | Temple   | Became a worshipper of the Shining One
  3691 | D:5      | Noticed Dowan
  3692 | D:5      | Noticed Duvessa
  3710 | D:5      | Killed Duvessa
  3710 | D:5      | Killed Dowan
  3711 | D:5      | Reached XP level 9. HP: 71/79 MP: 9/9
  4218 | D:6      | Found a glowing drain.
  4222 | Sewer    | Entered a sewer
  4242 | Sewer    | Noticed Pargi
  4253 | Sewer    | Killed Pargi
  4254 | Sewer    | Reached skill level 11 in Axes
  4457 | D:6      | Reached * piety under the Shining One
  5533 | D:7      | Reached skill level 12 in Axes
  5940 | D:8      | Noticed a two-headed ogre
  5948 | D:8      | Killed a two-headed ogre
  5949 | D:8      | Reached skill level 13 in Axes
  5949 | D:8      | Reached XP level 10. HP: 91/91 MP: 6/11
  6286 | D:8      | Reached skill level 10 in Fighting
  6286 | D:8      | Reached skill level 15 in Axes
  6286 | D:8      | Reached XP level 11. HP: 101/101 MP: 12/16
  6760 | D:8      | Found a staircase to the Lair.
  6785 | D:8      | Reached skill level 10 in Armour
  6958 | D:9      | Reached ** piety under the Shining One
  7058 | D:9      | Noticed a centaur warrior
  7069 | D:9      | Killed a centaur warrior
  7070 | D:9      | Reached skill level 16 in Axes
  7071 | D:9      | Noticed an eight-headed hydra
  7090 | D:9      | Killed an eight-headed hydra
  7159 | D:9      | Noticed a six-headed hydra
  7186 | D:9      | Killed a seven-headed hydra
  7208 | D:9      | Noticed a skeletal warrior
  7283 | D:9      | Killed a skeletal warrior
  7314 | D:9      | Identified the amulet "Egatoix" {Reflect rElec Str+9 SH+5}
  7445 | D:9      | Identified the +10 whip "Dunloc Runk" {vorpal, Will+}
  7548 | D:9      | Identified the ring "Sadgh" {AC+4 Stlth+}
  7557 | D:9      | Noticed a manticore
  7562 | D:9      | Reached XP level 12. HP: 106/110 MP: 12/17
  7820 | D:9      | Found a staircase to the Orcish Mines.
  8093 | D:10     | Entered Level 10 of the Dungeon
  8302 | D:10     | Identified a scroll of acquirement
  8302 | D:10     | Acquired a manual of Crossbows
  8870 | D:10     | Found a blossoming altar of Fedhas.
  9209 | D:11     | Noticed Grum
  9228 | D:11     | Killed Grum
  9359 | D:11     | Found Ybafuta's Book Shoppe.
  9367 | D:11     | Reached skill level 5 in Shields
  9886 | D:12     | Found a basalt altar of Yredelemnul.
 10074 | D:12     | Noticed a two-headed ogre
 10110 | D:12     | Killed a two-headed ogre
 10467 | D:12     | Noticed a five-headed hydra
 10473 | D:12     | Killed a five-headed hydra
 10751 | D:13     | Found Hanyjam's Magic Scroll Shop.
 10765 | D:13     | Noticed a centaur warrior
 10772 | D:13     | Killed a centaur warrior
 11022 | D:13     | Noticed a centaur warrior
 11028 | D:13     | Killed a centaur warrior
 11029 | D:13     | Reached XP level 13. HP: 122/122 MP: 13/18
 11250 | D:13     | Found Echemibi's Antique Weapon Boutique.
 11280 | D:13     | Found Bytorehu's Jewellery Shoppe.
 11282 | D:13     | Found Nihauqu's Magic Scroll Shoppe.
 11428 | D:13     | Found a portal to a secret trove of treasure.
 11793 | Lair:1   | Entered Level 1 of the Lair of Beasts
 11793 | Lair:1   | Found a large runed translucent door.
 11793 | Lair:1   | Found a large runed translucent door.
 11795 | Lair:1   | Noticed Myda's ghost (journeyman DgGl)
 11945 | Lair:1   | Reached *** piety under the Shining One
 12403 | Lair:1   | Noticed Harold
 12426 | Lair:1   | Killed Harold
 12823 | Lair:1   | Identified the +6 war axe of the Crawling Thing {vorpal,
                  | rF++ rC+++ Dex-4}
 13615 | Lair:2   | Found the +6 Majin-Bo {vamp, MP+6 Int+6}
 13738 | Lair:2   | Noticed Erica
 13750 | Lair:2   | Killed Erica
 13751 | Lair:2   | Reached skill level 1 in Dodging
 13865 | Lair:2   | Noticed Gastronok
 13879 | Lair:2   | Killed Gastronok
 15216 | Lair:3   | Found a runed translucent door.
 15220 | Lair:3   | Noticed Deesahac's ghost (journeyman BaFi)
 15631 | Lair:3   | Reached XP level 14. HP: 73/133 MP: 12/19
 15647 | Lair:3   | Reached skill level 15 in Fighting
 16338 | Lair:4   | Killed from afar by a rime drake

Illustrated notes

Levels and vault maps discovered:
D:1:      matt_arrival_grand_opening, layout_basic,
          hellmonk_ecumenical_altar_blasted, minmay_tromino_v4_b
D:2:      layout_basic, basic_altar, uniq_natasha
D:3:      layout_basic
D:4:      layout_basic, gup_ossuary_entry_pyramid, minmay_fountain_box,
          nicolae_inconvenience_store, hex_tiny, minmay_quadrilaterals
D:5:      layout_gridville, minmay_temple_entry_offerings, kennysheep_dice,
          uniq_duvessa
D:6:      layout_basic, gup_sewer_entry_spiral, abandoned_shop
D:7:      layout_cave_pools
D:8:      layout_basic, lair_entry_dummy, minmay_three_doors
D:9:      minmay_cut_squares, layout_basic, david_orc_2
D:10:     layout_cave_pods, fedhas_altar_4, serial_park, serial_park_paths
          [serial_park_minivault_5x5_1], serial_park_avenue1,
          grunt_ministairs_15
D:11:     layout_roguey, serial_shops, shop, uniq_grum
D:12:     layout_gridville, yredelemnul_altar_generic
D:13:     layout_loops_ring, serial_shops, nicolae_shop_stone,
          nicolae_stop_n_shop_1, nicolae_shop_crystal, nicolae_shop_crystal,
          nicolae_trove_entry_diagonal, minmay_misc_feat_rugged
Temple:   compressed_dpeg_triangle_lava_temple
Lair:1:   layout_regular_city, ebering_ghost_disaster_area, uniq_harold
Lair:2:   layout_roguey, uniq_erica, uniq_gastronok
Lair:3:   layout_misc_corridors, ebering_ghost_inner_flame, minmay_lindwurm_lava
Lair:4:   layout_big_grid, minmay_shoals_entry_hut, spider_nest_entry_web_field,
          grunt_megastairs_5

Skill      XL: |  1  2  3  4  5  6  7  8  9 10 11 12 13 14 |
---------------+-------------------------------------------+-----
Axes           | 3 4 5 7 8 10 13 15 16 | 16.9
Fighting       | 4 5 6 7 9 10 11 13 14 15 | 15.3
Armour         | 4 5 6 8 9 10 12 13 14 | 14.1
Invocations    | 2 6 7 |  7.9
Shields        | 7 8 |  8.5
Dodging        | 3 4 |  4.3

Action                   |  1- 3 |  4- 6 |  7- 9 | 10-12 | 13-15 || total
-------------------------+-------+-------+-------+-------+-------++-------
Melee: War axe           |    72 |   157 |   357 |   175 |       ||   761
       Flail             |       |       |       |    15 |       ||    15
       Whip              |       |       |       |   146 |   410 ||   556
Throw: Boomerang         |       |       |       |    17 |     7 ||    24
       Throwing net      |       |       |       |     2 |       ||     2
Invok: Divine Shield     |       |       |     1 |     7 |     2 ||    10
  Use: Scroll            |       |     8 |     8 |    16 |       ||    32
       Potion            |       |       |       |     3 |     1 ||     4
Armor: Scale mail        |    31 |    42 |    56 |       |       ||   129
       Chain mail        |       |       |    88 |    52 |       ||   140
       Plate armour      |       |       |       |   127 |   172 ||   299
Dodge: Dodged            |    32 |    57 |   117 |   104 |    94 ||   404
Block: Buckler           |    17 |    43 |    71 |   191 |   167 ||   489
       Reflection        |       |       |       |    15 |     1 ||    16
